General information
- name: BNet
- type: Ladder team game (AT/RT)
- host: Battle.net
- saver: DanielCormier
map: Feralas_LV
- players: 8
- length: 19:36
- speed: Fast
- version: 1.30 W3XP
- replay type: Public
» download(204 KB)
Players
team 1 (loser)
Live_iLL (
purple | 94 APM | 1346 actions | 14:17)
5 Keeper of the Grove
1 Force of Nature
2 Entangling Roots
2 Thorns Aura
» actions
| Assign group hotkey | 21 | |
| Basic commands | 41 | |
| Build / train | 46 | |
| Enter build submenu | 15 | |
| Enter hero's abilities submenu | 5 | |
| Give item / drop item | 1 | |
| Right click | 769 | |
| Select / deselect | 212 | |
| Select group hotkey | 187 | |
| Use ability | 49 | |
1346 total
» units
| Wisp | 17 | |
| Archer | 6 | |
| Huntress | 3 | |
| Hippogryph | 1 | |
| Chimaera | 4 | |
31 total
» upgrades
| Strength of the Wild | 1 | |
| Corrosive Breath | 1 | |
2 total
» buildings
| Altar of Elders | 1 | |
| Moon Well | 6 | |
| Ancient of War | 1 | |
| Ancient of Wonders | 1 | |
| Tree of Ages | 1 | |
| Hunter's Hall | 1 | |
| Ancient of Wind | 1 | |
| Tree of Eternity | 1 | |
| Tree of Life | 2 | |
| Chimaera Roost | 2 | |
17 total
» build order
00:27 Altar of Elders
00:36 Moon Well
00:50 Ancient of War
01:50 Moon Well
03:02 Ancient of Wonders
03:43 Tree of Ages
03:50 Hunter's Hall
04:37 Moon Well
04:39 Moon Well
06:28 Ancient of Wind
07:00 Tree of Eternity
07:49 Tree of Life
08:11 Tree of Life
08:28 Moon Well
08:59 Moon Well
09:30 Chimaera Roost
09:33 Chimaera Roost
» items
| Lesser Clarity Potion | 3 | |
| Moonstone | 1 | |
| Potion of Healing | 1 | |
5 total

»
CAKEbuilder (
yellow | 62 APM | 851 actions | 13:47)
2 Blademaster
1 Wind Walk
1 Critical Strike
» actions
| Assign group hotkey | 8 | |
| Basic commands | 38 | |
| Build / train | 42 | |
| Enter build submenu | 14 | |
| Enter hero's abilities submenu | 2 | |
| Remove unit from queue | 2 | |
| Right click | 441 | |
| Select / deselect | 277 | |
| Select group hotkey | 3 | |
| Use ability | 24 | |
851 total
» units
| Peon | 13 | |
| Grunt | 9 | |
| Raider | 5 | |
| Tauren | 2 | |
29 total
» upgrades
» buildings
| Altar of Storms | 1 | |
| Orc Burrow | 4 | |
| Barracks | 2 | |
| Stronghold | 1 | |
| War Mill | 1 | |
| Fortress | 1 | |
| Beastiary | 2 | |
| Watch Tower | 3 | |
| Great Hall | 1 | |
| Tauren Totem | 1 | |
17 total
» build order
00:06 Altar of Storms
00:09 Orc Burrow
00:55 Barracks
01:00 Barracks
01:35 Orc Burrow
03:21 Orc Burrow
04:12 Stronghold
04:19 War Mill
06:48 Fortress
06:55 Beastiary
06:56 Beastiary
07:28 Watch Tower
07:28 Watch Tower
07:30 Watch Tower
09:31 Great Hall
09:43 Orc Burrow
10:35 Tauren Totem
» items
| Lesser Clarity Potion | 1 | |
| Scroll of Regeneration | 1 | |
2 total
Lengyll (
blue | 40 APM | 613 actions | 15:13)
3 Priestess of the Moon
2 Trueshot Aura
1 Searing Arrows
» actions
| Assign group hotkey | 11 | |
| Build / train | 46 | |
| Enter build submenu | 10 | |
| Enter hero's abilities submenu | 4 | |
| Remove unit from queue | 1 | |
| Right click | 277 | |
| Select / deselect | 199 | |
| Select group hotkey | 38 | |
| Use ability | 27 | |
613 total
» units
| Wisp | 16 | |
| Archer | 11 | |
| Hippogryph | 6 | |
33 total
» upgrades
| Strength of the Moon | 2 | |
| Ultravision | 1 | |
| Moon Armor | 1 | |
| Improved Bows | 1 | |
| Marksmanship | 1 | |
6 total
» buildings
| Altar of Elders | 1 | |
| Moon Well | 5 | |
| Ancient of War | 2 | |
| Tree of Ages | 1 | |
| Hunter's Hall | 1 | |
| Ancient of Wind | 2 | |
| Tree of Eternity | 1 | |
| Tree of Life | 1 | |
14 total
» build order
00:07 Altar of Elders
00:20 Moon Well
00:38 Ancient of War
01:27 Moon Well
01:56 Moon Well
02:48 Ancient of War
03:36 Tree of Ages
04:20 Hunter's Hall
06:04 Ancient of Wind
06:05 Ancient of Wind
07:58 Moon Well
07:58 Moon Well
08:14 Tree of Eternity
08:29 Tree of Life

»
TheChosenOne (
teal | 32 APM | 628 actions | 19:35)
3 Archmage
1 Blizzard
2 Brilliance Aura
1 Shadow Hunter
1 Healing Wave
1 Paladin
1 Divine Shield
1 Blademaster
1 Wind Walk
» actions
| Build / train | 85 | |
| Enter build submenu | 19 | |
| Enter hero's abilities submenu | 7 | |
| Remove unit from queue | 4 | |
| Right click | 196 | |
| Select / deselect | 270 | |
| Use ability | 47 | |
628 total
» units
| Peasant | 12 | |
| Footman | 3 | |
| Rifleman | 19 | |
| Sorceress | 7 | |
| Tauren | 2 | |
| Wind Rider | 3 | |
| Troll Headhunter/Berserker | 4 | |
50 total
» upgrades
| Gunpowder | 2 | |
| Masonry | 2 | |
| Lumber Harvesting | 1 | |
| Long Rifles | 1 | |
| Sorceress Training | 1 | |
| Magic Sentry | 1 | |
| Berserker Upgrade | 1 | |
| Troll Regeneration | 1 | |
| Pulverize | 1 | |
11 total
» buildings
| Farm | 6 | |
| Altar of Kings | 1 | |
| Barracks | 1 | |
| Arcane Vault | 1 | |
| Scout Tower | 4 | |
| Blacksmith | 1 | |
| Lumber Mill | 1 | |
| Arcane Tower | 1 | |
| Keep | 1 | |
| Guard Tower | 3 | |
| Town Hall | 2 | |
| Arcane Sanctum | 1 | |
| Orc Burrow | 1 | |
| Castle | 1 | |
25 total
» build order
00:37 Farm
00:39 Altar of Kings
01:04 Barracks
01:18 Arcane Vault
01:39 Farm
01:58 Scout Tower
02:18 Blacksmith
02:32 Lumber Mill
02:36 Arcane Tower
02:46 Farm
03:22 Farm
04:12 Farm
06:03 Keep
06:56 Scout Tower
07:27 Scout Tower
07:29 Guard Tower
07:44 Farm
07:57 Guard Tower
08:01 Scout Tower
08:59 Town Hall
09:03 Guard Tower
09:15 Arcane Sanctum
11:52 Town Hall
16:35 Orc Burrow
16:57 Castle
» items
| Lesser Clarity Potion | 2 | |
| Scroll of Regeneration | 1 | |
| Scroll of Town Portal | 1 | |
| Potion of Healing | 2 | |
6 total
team 2 (winner)
Over-Admire. (
orange | 76 APM | 1480 actions | 19:35)
5 Death Knight
3 Death Coil
1 Unholy Aura
1 Death Pact
4 Lich
2 Frost Nova
2 Frost Armor
3 Crypt Lord
2 Impale
1 Carrion Beetles
» actions
| Assign group hotkey | 40 | |
| Basic commands | 91 | |
| Build / train | 71 | |
| ESC pressed | 4 | |
| Enter build submenu | 14 | |
| Enter hero's abilities submenu | 12 | |
| Give item / drop item | 4 | |
| Remove unit from queue | 1 | |
| Right click | 624 | |
| Select / deselect | 257 | |
| Select group hotkey | 203 | |
| Use ability | 159 | |
1480 total
» units
| Acolyte | 3 | |
| Ghoul | 7 | |
| Crypt Fiend | 5 | |
| Obsidian Statue | 10 | |
25 total
» upgrades
| Web | 2 | |
| Burrow | 1 | |
| Backpack | 1 | |
| Destroyer Form | 1 | |
| Creature Attack | 3 | |
| Creature Carapace | 2 | |
10 total
» buildings
| Graveyard | 1 | |
| Crypt | 2 | |
| Altar of Darkness | 1 | |
| Ziggurat | 6 | |
| Tomb of Relics | 1 | |
| Halls of the Dead | 4 | |
| Nerubian Tower | 1 | |
| Slaughterhouse | 1 | |
| Black Citadel | 1 | |
| Necropolis | 1 | |
19 total
» build order
00:08 Graveyard
00:09 Crypt
00:11 Crypt
00:45 Altar of Darkness
00:57 Ziggurat
01:23 Tomb of Relics
02:00 Ziggurat
03:35 Halls of the Dead
03:36 Halls of the Dead
03:49 Nerubian Tower
04:35 Halls of the Dead
04:36 Halls of the Dead
05:06 Ziggurat
07:28 Slaughterhouse
09:38 Black Citadel
10:15 Ziggurat
12:23 Ziggurat
12:23 Ziggurat
16:53 Necropolis
» items
| Rod of Necromancy | 4 | |
| Dust of Appearance | 1 | |
| Scroll of Town Portal | 1 | |
| Potion of Healing | 1 | |
| Orb of Corruption | 1 | |
8 total
DanielCormier (
green | 146 APM | 2868 actions | 19:36)
6 Tauren Chieftain
3 War Stomp
2 Endurance Aura
1 Reincarnation
4 Shadow Hunter
2 Hex
2 Healing Wave
» actions
| Assign group hotkey | 21 | |
| Basic commands | 283 | |
| Build / train | 56 | |
| Enter build submenu | 10 | |
| Enter hero's abilities submenu | 10 | |
| Give item / drop item | 1 | |
| Right click | 1217 | |
| Select / deselect | 752 | |
| Select group hotkey | 444 | |
| Use ability | 74 | |
2868 total
» units
| Peon | 11 | |
| Troll Headhunter/Berserker | 19 | |
30 total
» upgrades
| Ranged Weapons | 3 | |
| Troll Regeneration | 1 | |
| Berserker Upgrade | 1 | |
| Armor | 3 | |
8 total
» buildings
| Altar of Storms | 1 | |
| War Mill | 1 | |
| Barracks | 1 | |
| Orc Burrow | 3 | |
| Voodoo Lounge | 1 | |
| Great Hall | 1 | |
| Stronghold | 1 | |
| Fortress | 1 | |
10 total
» build order
00:04 Altar of Storms
00:07 War Mill
00:27 Barracks
01:08 Orc Burrow
02:02 Voodoo Lounge
02:26 Orc Burrow
04:40 Great Hall
04:43 Stronghold
05:29 Orc Burrow
07:57 Fortress
» items
| Healing Salve | 2 | |
| Lesser Clarity Potion | 1 | |
| Boots of Speed | 1 | |
4 total

»
07forresterXT (
red | 41 APM | 803 actions | 19:35)
6 Far Seer
2 Feral Spirit
3 Chain Lighting
1 Earth Quake
» actions
| Assign group hotkey | 48 | |
| Basic commands | 6 | |
| Build / train | 65 | |
| Enter build submenu | 16 | |
| Enter hero's abilities submenu | 6 | |
| Right click | 312 | |
| Select / deselect | 188 | |
| Select group hotkey | 108 | |
| Use ability | 54 | |
803 total
» units
| Peon | 10 | |
| Grunt | 4 | |
| Troll Headhunter/Berserker | 22 | |
| Forest Troll Shadow Priest | 1 | |
| Forest Troll Berserker | 1 | |
38 total
» upgrades
| Armor | 2 | |
| Ranged Weapons | 2 | |
| Spiked Barricades | 1 | |
| Pillage | 1 | |
| Melee Weapons | 1 | |
| Troll Regeneration | 1 | |
| Berserker Upgrade | 1 | |
9 total
» buildings
| Altar of Storms | 1 | |
| Orc Burrow | 5 | |
| Barracks | 3 | |
| War Mill | 1 | |
| Voodoo Lounge | 2 | |
| Watch Tower | 3 | |
| Stronghold | 1 | |
| Fortress | 1 | |
17 total
» build order
00:10 Altar of Storms
00:16 Orc Burrow
01:04 Barracks
01:36 War Mill
01:52 Orc Burrow
02:35 Voodoo Lounge
03:39 Barracks
04:57 Watch Tower
06:16 Watch Tower
06:53 Voodoo Lounge
07:16 Watch Tower
07:34 Orc Burrow
09:48 Orc Burrow
12:09 Stronghold
12:18 Barracks
14:51 Fortress
16:22 Orc Burrow
» items
| Healing Salve | 2 | |
| Lesser Clarity Potion | 2 | |
| Scroll of Speed | 2 | |
| Potion of Healing | 1 | |
| Potion of Mana | 2 | |
9 total
xxBKNY (
pink | 31 APM | 609 actions | 19:35)
5 Priestess of the Moon
2 Trueshot Aura
3 Searing Arrows
» actions
| Basic commands | 1 | |
| Build / train | 56 | |
| ESC pressed | 1 | |
| Enter build submenu | 21 | |
| Enter hero's abilities submenu | 5 | |
| Right click | 330 | |
| Select / deselect | 159 | |
| Use ability | 36 | |
609 total
» units
| Wisp | 22 | |
| Archer | 5 | |
| Huntress | 6 | |
| Hippogryph | 3 | |
| Chimaera | 6 | |
42 total
» upgrades
| Ultravision | 1 | |
| Strength of the Wild | 1 | |
| Reinforced Hides | 1 | |
| Corrosive Breath | 1 | |
4 total
» buildings
| Moon Well | 8 | |
| Altar of Elders | 1 | |
| Ancient of War | 2 | |
| Ancient of Wonders | 2 | |
| Hunter's Hall | 1 | |
| Tree of Ages | 1 | |
| Ancient of Wind | 1 | |
| Tree of Eternity | 3 | |
| Tree of Life | 1 | |
| Ancient Protector | 2 | |
| Chimaera Roost | 3 | |
25 total
» build order
03:12 Moon Well
03:15 Altar of Elders
03:51 Ancient of War
04:56 Moon Well
05:39 Moon Well
06:21 Ancient of Wonders
06:30 Ancient of War
06:34 Hunter's Hall
06:51 Ancient of Wonders
07:14 Tree of Ages
08:18 Moon Well
08:22 Moon Well
09:51 Ancient of Wind
10:08 Tree of Eternity
10:08 Tree of Eternity
10:08 Tree of Eternity
11:18 Tree of Life
11:37 Moon Well
11:58 Ancient Protector
12:01 Ancient Protector
13:10 Chimaera Roost
13:15 Chimaera Roost
15:53 Chimaera Roost
16:45 Moon Well
16:47 Moon Well
Chat log
(00:14 / Allies) Over-Admire.: 100g ?
(00:30 / Allies) 07forresterXT: gg
(00:36 / Allies) Over-Admire.: give him a min
(00:37 / Allies) DanielCormier: this game sucks now
(00:51 / Allies) Over-Admire.: wake up
(00:53 / Allies) Over-Admire.: pink you bitch
(00:54 / Allies) Over-Admire.: :)
(01:32 / Allies) Over-Admire.: red
(01:36 / Allies) Over-Admire.: tooo many on gold
(01:37 / Allies) Over-Admire.: ...
(01:44 / Allies) 07forresterXT: ty
(02:05 / Allies) DanielCormier: copy my hh build
(02:11 / Allies) 07forresterXT: pink wtf u asshole
(03:19 / Allies) xxBKNY: hi
(03:26 / Allies) xxBKNY: sry bout thayt
(03:30 / Allies) DanielCormier: lmao
(04:11 / All) xxBKNY: your moms a thottie
(05:07 / Allies) xxBKNY: welp
(05:10 / Allies) 07forresterXT: all here
(05:14 / Allies) Over-Admire.: omw
(05:22 / Allies) DanielCormier: not tping to that
(05:23 / Allies) DanielCormier: walking
(05:37 / Allies) Over-Admire.: welp
(05:39 / Allies) Over-Admire.: why no tp
(05:40 / Allies) Over-Admire.: 3v2
(05:41 / Allies) Over-Admire.: ..
(05:46 / Allies) Over-Admire.: idiot
(05:47 / Allies) DanielCormier: thats why
(05:49 / Allies) Over-Admire.: greeen
(05:56 / Allies) Over-Admire.: ya if u tp
(05:57 / Allies) Over-Admire.: we 3v3
(06:03 / Allies) DanielCormier: bad positioning
(06:13 / Allies) DanielCormier: whatev
(06:50 / Allies) DanielCormier: why tp if they diont hall
(06:55 / Allies) DanielCormier: think about it
(06:59 / Allies) Over-Admire.: ur dumb
(07:02 / Allies) Over-Admire.: if you tp
(07:02 / Allies) DanielCormier: u trpaped urself in that dumb orc base
(07:04 / Allies) Over-Admire.: we win fight
(07:04 / Allies) Over-Admire.: ez
(07:08 / Allies) Over-Admire.: an take less loses
(07:12 / Allies) Over-Admire.: use your head
(07:26 / Allies) xxBKNY: whatever we didnt lose so were ok
(08:37 / All) xxBKNY: k
(09:12 / Allies) DanielCormier: my tc is huge
(09:17 / Allies) Over-Admire.: :)
(09:22 / Allies) DanielCormier: just like me
(09:22 / Allies) DanielCormier: irl
(09:24 / Allies) Over-Admire.: nice items
(09:51 / Allies) Over-Admire.: omw
(11:50 / Allies) DanielCormier: could u even kill my tc
(12:57 / All) CAKEbuilder: lol they have no units
(12:58 / All) CAKEbuilder: gg
(12:59 / All) CAKEbuilder: boys
(13:50 / Allies) DanielCormier: i have 5k gold
(14:17 / All) xxBKNY: lol
(14:49 / All) 07forresterXT: gg
(14:59 / Allies) Over-Admire.: see
(15:07 / Allies) Over-Admire.: we win :)
(15:10 / Allies) xxBKNY: [=
(15:12 / Allies) DanielCormier: if i had tped in
(15:13 / Allies) DanielCormier: we would of lost
(15:14 / Allies) xxBKNY: ez
(15:15 / Allies) xxBKNY: LOL
(15:16 / Allies) Over-Admire.: ...
(15:17 / Allies) Over-Admire.: lol
(15:18 / Allies) xxBKNY: still on that
(15:23 / Allies) Over-Admire.: this guy..
(19:26 / All) xxBKNY: ok
(19:27 / All) xxBKNY: ..?